Cogmind - Beta 13 @@@ ROGUE MODE // 2024.04.08 @ 18:55:52 Player: ScarletApple Result: Destroyed by L-31 Rogue with Katana Performance ------------- Evolutions (2) 1000 Regions Visited (5) 1000 Robots Destroyed (67) 335 Value Destroyed (1965) 1965 Prototype IDs (1) 20 Alien Tech Used (0) 0 Bonus (72) 72 TOTAL SCORE: 4392 Bonus ------- Follower Combat Kills 72 Cogmind --------- Core Integrity 0/550 Matter 300/300 Energy 61/100 System Corruption 0% Temperature Cool (0) Movement Treading (160) Location -8/Storage Parts ------- > --- POWER (1) -------- (None) > --- PROPULSION (3) --- Light Treads > --- UTILITY (5) ------ Cooling System Small Storage Unit Improved Terrain Scanner Terrain Scan Processor Advanced Targeting Computer > --- WEAPON (2) ------- Beam Rifle > --- INVENTORY (8) ---- Improved Ion Engine Light Nuclear Core Light Treads Peak State ------------ > --- POWER ------------ Deuterium Engine > --- PROPULSION ------- Light Treads Wheel Wheel > --- UTILITY ---------- Improved Heat Sink Improved Heat Sink Improved Heat Sink Cooling System Small Storage Unit > --- WEAPON ----------- Small Laser Gauss Rifle > --- INVENTORY -------- Light Ion Engine Improved Ion Engine Light Treads Aluminum Leg Wheel Cooling System Rocket Launcher Mining Laser [Rating: 24] Favorites ----------- Power Deuterium Engine Engine Deuterium Engine Power Core Light Nuclear Core Propulsion Light Treads Treads Light Treads Leg Aluminum Leg Wheel Wheel Utility Small Storage Unit Device Heat Sink Storage Small Storage Unit Processor Terrain Scan Processor Weapon Small Laser Energy Gun Small Laser Energy Cannon Particle Cannon Ballistic Gun Gauss Rifle Launcher Rocket Launcher Special Weapon Mining Laser Build | -11 -10 -9 -9 -8 -8 ------- Run | Yrd Mat Mat Min Mat Sto Slots Evolved 4 | . . 2 . 2 . Power . | . . . . . . Propulsion 1 | . . 1 . . . Utility 3 | . . 1 . 2 . Weapon . | . . . . . . Parts Attached 81 | 6 11 7 4 14 39 Power 12 | 1 2 2 1 2 4 Engine 11 | 1 1 2 1 2 4 Core 1 | . 1 . . . . Reactor . | . . . . . . Propulsion 28 | 2 4 3 1 4 14 Treads 19 | 2 . 3 1 4 9 Leg 4 | . 2 . . . 2 Wheel 5 | . 2 . . . 3 Hover . | . . . . . . Flight . | . . . . . . Utility 17 | 1 1 1 1 5 8 Device 13 | . 1 1 1 4 6 Storage 2 | 1 . . . 1 . Processor 2 | . . . . . 2 Hackware . | . . . . . . Protection . | . . . . . . Artifact . | . . . . . . Weapon 24 | 2 4 1 1 3 13 Energy Gun 15 | 2 4 1 . 2 6 Energy Cannon 3 | . . . 1 . 2 Ballistic Gun 1 | . . . . . 1 Ballistic Cannon . | . . . . . . Launcher 4 | . . . . 1 3 Special Weapon 1 | . . . . . 1 Impact Weapon . | . . . . . . Slashing Weapon . | . . . . . . Piercing Weapon . | . . . . . . Special Melee Weapon . | . . . . . . Unidentified Prototypes 1 | . . . . . 1 Parts Lost 31 | . 3 1 . 11 16 Power 4 | . . 1 . 1 2 Propulsion 13 | . 2 . . 5 6 Utility 6 | . . . . 3 3 Weapon 8 | . 1 . . 2 5 Highest Loss Streak 9 | . 3 1 . 7 9 To Critical Strikes 2 | . . . . 2 . Average Slot Usage (%) 95 | . 95 97 100 85 95 Engine 8 | . 6 10 11 8 9 Core 1 | . 7 . . . . Treads 23 | . 19 29 33 25 19 Leg 1 | . 3 1 . . 2 Wheel 1 | . 4 . . . 2 Device 21 | . 10 22 22 28 25 Storage 10 | . 14 11 11 9 9 Processor 3 | . . . . . 8 Energy Gun 15 | . 27 22 14 11 10 Energy Cannon 2 | . . . 7 2 2 Ballistic Gun 1 | . . . . . 3 Naked Turns . | . . . . . . Heaviest Build 26 | 12 15 15 15 23 26 Greatest Support 60 | 40 40 60 60 60 60 Greatest Overweight (x) 4 | . 4 4 . . 2 Average Overweight (x) . | . . . . . . Largest Inventory Capacity 8 | 8 8 8 8 8 8 Average Capacity 7 | 7 8 8 8 8 8 Most Carried 8 | 6 8 8 8 7 8 Average Carried 7 | 3 7 7 7 5 6 Final Capacity 8 | 8 8 8 8 8 8 Final Carried 8 | 6 8 8 8 6 3 Class Distribution -------------------- 53% | Mutant 46% | Scavenger-Mutant Dominant Class ---------------- Mutant | -10/Materials Mutant | -9/Materials Mutant | -9/Mines Scavenger-Mutant | -8/Materials Scavenger-Mutant | -8/Storage Resources | -11 -10 -9 -9 -8 -8 ----------- Run | Yrd Mat Mat Min Mat Sto Matter Collected 1309 | 226 129 65 40 186 663 Remotely . | . . . . . . Salvage Created 2647 | . 459 121 137 540 1390 Parts 129 | . 20 7 10 22 70 Haulers Intercepted 2 | . 1 . . . 1 Recyclers Shooed 1 | . . . . . 1 Parts Field Recycled . | . . . . . . Retrieved Matter . | . . . . . . Parts Self-Destructed . | . . . . . . Prevented . | . . . . . . Kills | -11 -10 -9 -9 -8 -8 ------- Run | Yrd Mat Mat Min Mat Sto Combat Hostiles Destroyed 45 | . 9 3 3 11 19 Guns 34 | . 9 2 3 4 16 Cannons 6 | . . . . 3 3 AOE 4 | . . . . 4 . Classes Destroyed 11 | . 3 . 3 4 1 Worker 10 | . 1 . 1 . 8 Builder 4 | . . . . 1 3 Tunneler 1 | . . . 1 . . Hauler 2 | . 1 . . . 1 Recycler 4 | . . . 1 1 2 Mechanic 1 | . . . . . 1 Swarmer 4 | . . . 3 . 1 Grunt 26 | . 9 3 . 5 9 Duelist 3 | . . . . 1 2 Sentry 11 | . . . . 4 7 Hunter 1 | . . . . 1 . Best Kill Streak 9 | . 3 2 3 9 4 Combat Bots Only 8 | . 3 2 3 8 3 Max Kills in Single Turn 2 | . 1 1 1 2 1 Gunslinging . | . . . . . . Exploded 1 | . . . . 1 . Melee . | . . . . . . Uniques/NPCs Destroyed . | . . . . . . Combat | -11 -10 -9 -9 -8 -8 -------- Run | Yrd Mat Mat Min Mat Sto Hostile Shots Fired 387 | . 83 27 17 92 168 Missed 113 | . 24 9 7 26 47 Damage Taken 4222 | . 811 227 83 1095 2006 Core 757 | . 139 40 8 197 373 Absorbed by Shields . | . . . . . . Core Remaining (%) 77 | 100 44 . 88 . . Volleys Fired 201 | . 43 13 10 32 103 Largest 2 | . 2 2 2 2 2 Hottest 156 | . 100 90 108 121 156 Shots Fired 374 | . 86 26 20 56 186 Gun 326 | . 86 26 16 34 164 Cannon 29 | . . . 4 13 12 Launcher 16 | . . . . 9 7 Special 3 | . . . . . 3 Kinetic 64 | . . . . . 64 Thermal 294 | . 86 26 20 47 115 Explosive 16 | . . . . 9 7 Electromagnetic . | . . . . . . Robot Hit Streak 11 | . 6 8 3 11 11 Robot Miss Streak 4 | . 2 2 4 3 2 Penetration Max 1 | . . . . . 1 Secondary Targets 5 | . 1 1 1 . 2 Max Gunslinging Chain 1 | . 1 1 1 . 1 Shots Hit Robots 244 | . 54 19 9 38 124 Core Hits 130 | . 24 6 7 28 65 Critical Kills 2 | . . . . . 2 Critical Parts Destroyed . | . . . . . . Critical Strikes 8 | . 2 . . 1 5 Burn 6 | . 2 . . 1 3 Destroy 2 | . . . . . 2 Melee Attacks . | . . . . . . Impact . | . . . . . . Slashing . | . . . . . . Piercing . | . . . . . . Sneak Attacks . | . . . . . . Combat Hostiles . | . . . . . . Follow-up Attacks . | . . . . . . Damage Inflicted 4584 | . 649 227 147 1134 2427 Guns 3112 | . 641 227 84 357 1803 Cannons 538 | . . . 61 243 234 Explosions 888 | . . . . 522 366 Melee . | . . . . . . Ramming 22 | . 8 . 2 12 . Kinetic 899 | . . . . . 899 Thermal 2775 | . 641 227 145 600 1162 Explosive 888 | . . . . 522 366 Electromagnetic . | . . . . . . Impact . | . . . . . . Slashing . | . . . . . . Piercing . | . . . . . . Highest Corruption . | . . . . . . Average Corruption . | . . . . . . Corruption Purged . | . . . . . . Corruption Blocked . | . . . . . . Overload Shots . | . . . . . . Overflow Damage 14 | . . . . . 14 Projectiles 12 | . . . . . 12 Explosions 2 | . . . . . 2 Melee . | . . . . . . Knockbacks . | . . . . . . Impact . | . . . . . . Kinetic . | . . . . . . Secondary . | . . . . . . Self-Inflicted Damage 69 | . . . . 48 21 Shots 3 | . . . . 2 1 Rammed 4 | . 2 . 1 1 . Targets Rammed 4 | . 2 . 1 1 . Kicked . | . . . . . . Crushed . | . . . . . . Highest Temperature 301 | . 301 . 9 63 207 Average Temperature 69 | . 99 . 6 18 37 Received Heat Transfer 1899 | . 477 126 . 360 936 Siege Activations . | . . . . . . Robots Corrupted . | . . . . . . Combat Hostiles . | . . . . . . Parts Fried . | . . . . . . Impact Corruptions . | . . . . . . Robots Melted 1 | . . 1 . . . Combat Hostiles 1 | . . 1 . . . Parts Melted 8 | . 3 1 1 . 3 Heat Transferred 6889 | . 1835 595 334 1371 2754 Parts Sabotaged . | . . . . . . Parts Stolen . | . . . . . . Parts Stripped . | . . . . . . Power Chain Reactions . | . . . . . . Alert | -11 -10 -9 -9 -8 -8 ------- Run | Yrd Mat Mat Min Mat Sto Peak Influence 339 | . 137 147 152 259 339 Initial 57 | . . 57 57 . 37 Average 112 | . 59 83 68 121 184 Maximum Alert Level 1 | . . . . 1 1 Low Security (%) 77 | 100 100 100 100 56 52 Level 1 22 | . . . . 43 47 Level 2 . | . . . . . . Level 3 . | . . . . . . Level 4 . | . . . . . . Level 5 . | . . . . . . High Security . | . . . . . . Max Security . | . . . . . . Squads Dispatched 8 | . 1 . . 2 5 Investigation 2 | . 1 . . 1 . Extermination . | . . . . . . Reinforcement 3 | . . . . 1 2 Assault 2 | . . . . . 2 Garrison 1 | . . . . . 1 Intercept . | . . . . . . Searches Triggered . | . . . . . . Construction Impeded . | . . . . . . Haulers Reinforced . | . . . . . . Active Scanning Responses . | . . . . . . Cargo Convoy Interrupts . | . . . . . . Stealth | -11 -10 -9 -9 -8 -8 --------- Run | Yrd Mat Mat Min Mat Sto Distress Signals 5 | . 2 . . 1 2 Communications Jammed . | . . . . . . Distress Signals . | . . . . . . Times Spotted 86 | . 16 6 2 14 48 Peak Tracking Total 9 | . 5 4 2 5 9 Tactical Retreats 4 | . . 1 . . 3 Traps | -11 -10 -9 -9 -8 -8 ------- Run | Yrd Mat Mat Min Mat Sto Traps Triggered 2 | . 1 . . 1 . Indirectly . | . . . . . . Trap Hack Attempts . | . . . . . . Triggered . | . . . . . . Disarmed . | . . . . . . Reprogrammed . | . . . . . . Reused . | . . . . . . Traps Extracted . | . . . . . . Installed . | . . . . . . Triggered . | . . . . . . Machines | -11 -10 -9 -9 -8 -8 ---------- Run | Yrd Mat Mat Min Mat Sto Machines Disabled 2 | . . . . 2 . Max in Single Turn 1 | . . . . 1 . Machines Repaired . | . . . . . . Machines Dismantled . | . . . . . . Machines Sabotaged . | . . . . . . Overloaded Fab Kills . | . . . . . . Hacking | -11 -10 -9 -9 -8 -8 --------- Run | Yrd Mat Mat Min Mat Sto Machines Accessed 15 | . 5 . . 2 8 Terminals 14 | . 4 . . 2 8 Fabricators . | . . . . . . Repair Stations . | . . . . . . Recycling Units 1 | . 1 . . . . Scanalyzers . | . . . . . . Garrison Access . | . . . . . . Total Hacks 29 | . 13 . . 6 10 Successful 13 | . 5 . . 4 4 Failed 15 | . 8 . . 1 6 Catastrophic 1 | . 1 . . . . Database Lockouts 1 | . . . . 1 . Manual 5 | . 1 . . 4 . Terminals 25 | . 9 . . 6 10 Fabricators . | . . . . . . Repair Stations . | . . . . . . Recycling Units 4 | . 4 . . . . Scanalyzers . | . . . . . . Garrison Access . | . . . . . . Terminal Hacks 12 | . 4 . . 4 4 Record 6 | . 2 . . 4 . Robot Analysis 1 | . . . . . 1 Open Door 1 | . . . . . 1 Alert Level 1 | . . . . . 1 Locate Traps 1 | . . . . . 1 Zone Layout 2 | . 2 . . . . Fabricator Hacks . | . . . . . . Repair Station Hacks . | . . . . . . Recycling Unit Hacks 1 | . 1 . . . . Report Inventory 1 | . 1 . . . . Scanalyzer . | . . . . . . Garrison Access Hacks . | . . . . . . Unauthorized Hacks . | . . . . . . Terminals . | . . . . . . Fabricators . | . . . . . . Repair Stations . | . . . . . . Recycling Units . | . . . . . . Scanalyzers . | . . . . . . Garrison Access . | . . . . . . Data Cores Recovered . | . . . . . . Used . | . . . . . . Hacking Detections 6 | . 1 . . 1 4 Full Trace Events . | . . . . . . Feedback Events . | . . . . . . Feedback Blocked . | . . . . . . Robot Schematics Acquired . | . . . . . . Robots Built . | . . . . . . Authchips . | . . . . . . Time . | . . . . . . Total Robot Build Rating . | . . . . . . Part Schematics Acquired . | . . . . . . Parts Built . | . . . . . . Authchips . | . . . . . . Time . | . . . . . . Total Part Build Rating . | . . . . . . Parts Repaired . | . . . . . . Time . | . . . . . . Parts Recycled . | . . . . . . Recycled Matter . | . . . . . . Retrieved Matter . | . . . . . . Retrieved Components . | . . . . . . Parts Scanalyzed . | . . . . . . Part Schematics Acquired . | . . . . . . Parts Damaged . | . . . . . . Bothacking | -11 -10 -9 -9 -8 -8 ------------ Run | Yrd Mat Mat Min Mat Sto Used RIF Installer . | . . . . . . Robots Hacked . | . . . . . . Non-combat . | . . . . . . Combat . | . . . . . . Robot Hacks Applied . | . . . . . . Relay Couplers Released . | . . . . . . Fabnet Peak Effective % . | . . . . . . Robots Rewired . | . . . . . . Allies Hacked . | . . . . . . Hacks Repelled . | . . . . . . Allies | -11 -10 -9 -9 -8 -8 -------- Run | Yrd Mat Mat Min Mat Sto Total Allies 2 | . . . . . 2 Largest Group 2 | . . . . . 2 Highest-Rated Group 62 | . . . . . 62 Highest-Rated Ally 31 | . . . . . 31 Total Orders . | . . . . . . Ally Attacks 13 | . . . . . 13 Total Damage 251 | . . . . . 251 Kills 2 | . . . . . 2 Allies Corrupted . | . . . . . . Allies Melted . | . . . . . . Intel | -11 -10 -9 -9 -8 -8 ------- Run | Yrd Mat Mat Min Mat Sto Robot Analysis Total 1 | . . . . . 1 Derelict Logs Recovered 2 | . . . 2 . . Drone Launches . | . . . . . . Drone Recoveries . | . . . . . . Exploration | -11 -10 -9 -9 -8 -8 ------------- Run | Yrd Mat Mat Min Mat Sto Turns Passed 3936 | 147 787 254 833 573 1342 Spaces Moved 2037 | 85 444 127 492 285 604 Core 6 | 3 2 1 . . . Treads 1704 | 82 254 114 492 285 477 Legs 135 | . 85 12 . . 38 Wheels 192 | . 103 . . . 89 Hover . | . . . . . . Flight . | . . . . . . Fastest Speed 50 | 50 90 120 160 160 80 Average Speed 152 | 156 136 156 160 160 153 Slowest Speed 260 | 160 250 250 160 160 260 Overloaded Moves . | . . . . . . Propulsion Burnouts . | . . . . . . Robots Hopped . | . . . . . . Cave-ins Triggered . | . . . . . . Exploration Rate (%) 43 | 5 75 11 86 25 58 Regions Visited 5 Branch Regions 2 Pre-discovered Areas . | . . . . . . Known Exits Taken . | . . . . . . Unknown Exits Taken 5 | 1 1 1 1 1 . Scrap Searched 2 | . . . 2 . . Spaces Dug 18 | . . . . . 18 Terrain Destroyed 145 | . . . . 78 67 Melee . | . . . . . . Projectile 3 | . . . . . 3 AOE 142 | . . . . 78 64 Terrain Rammed . | . . . . . . Walls Destroyed . | . . . . . . Machines Disabled . | . . . . . . Actions | -11 -10 -9 -9 -8 -8 --------- Run | Yrd Mat Mat Min Mat Sto Total 2484 | 96 537 156 518 345 832 Wait 71 | . 16 5 5 1 44 Move 2032 | 84 443 126 491 284 604 Hop . | . . . . . . Pick Up 40 | 6 11 1 2 6 14 Fast Attach 40 | 6 3 3 3 7 18 Attach 28 | . 4 2 1 6 15 Detach 9 | . 1 1 . 2 5 Swap 13 | . 4 2 . 1 6 Drop 46 | . 10 3 5 5 23 Fire 201 | . 43 13 10 32 103 Melee . | . . . . . . Ram . | . . . . . . Kick . | . . . . . . Crush 4 | . 2 . 1 1 . Escape Stasis . | . . . . . . Rewire . | . . . . . . Trap . | . . . . . . Miscellaneous . | . . . . . . Route ------- -11/Scrapyard -10/Materials (discovered 5 exits: [*Mat x3] / [*Min x2]) -9/Materials -9/Mines (discovered 2 exits: *Mat x2) -8/Materials -8/Storage (discovered 1 exit: [Rec]) History --------- Turn | Location | Event 44 | -11/Scrapyard | Discovered new exit (range 16) 148 | -11/Scrapyard | Entered Materials 311 | -10/Materials | Build established: Mutant 424 | -10/Materials | Discovered new exit (range 14) 596 | -10/Materials | Discovered new exit (range 15) 723 | -10/Materials | Lost 3 parts (2n1w) 786 | -10/Materials | Discovered new exit (range 15) 817 | -10/Materials | Core integrity fell below 50% 843 | -10/Materials | Discovered new exit (range 16) 882 | -10/Materials | Discovered new exit (range 13) 935 | -10/Materials | Entered another Materials area 935 | -9/Materials | Evolved 2 slots: Propulsion x1, Utility x1 1131 | -9/Materials | Discovered new exit (range 11) 1189 | -9/Materials | Entered Mines 1349 | -9/Mines | Discovered new exit (range 11) 1406 | -9/Mines | Learned location of 1 exit from Lower Caves 1607 | -9/Mines | Received a Rocket Launcher from a helpful Derelict 1920 | -9/Mines | Discovered new exit (range 7) 1970 | -9/Mines | Learned Materials emergency access door positions 2022 | -9/Mines | Entered Materials 2022 | -8/Materials | Evolved 2 slots: Utility x2 2045 | -8/Materials | Central database locked down 2192 | -8/Materials | Destroyed 8 combat bots 2195 | -8/Materials | Lost 7 parts (1p2n2u2w) 2469 | -8/Materials | Discovered new exit (range 6) 2493 | -8/Materials | Build established: Scavenger-Mutant 2595 | -8/Materials | Entered Storage 2810 | -8/Storage | Lost 4 parts (1p1u2w) 3025 | -8/Storage | Core integrity fell below 50% 3832 | -8/Storage | Met a pair of Derelict thieves 3842 | -8/Storage | Discovered new exit (range 10) 3863 | -8/Storage | Garrison activated, responded to threat 3909 | -8/Storage | Core integrity fell below 20% 3937 | -8/Storage | Destroyed by L-31 Rogue with Katana Last Messages --------------- 03910_ Critical hit (Burn: +37). 03912_ G-47 Trooper destroyed. 03913_ U-05 Engineer builds a Wall. 03916_ S-10 Pest destroyed. 03917_ U-05 Engineer lays Concrete. 03920_ U-05 Engineer builds a Wall. 03920_ Lgt. Treads destroyed. 03920_ Mining Laser destroyed. 03922_ Door Terminal disabled. 03923_ U-05 Engineer lays Concrete. 03926_ Lgt. Treads destroyed. 03926_ U-05 Engineer builds a Wall. 03929_ Beam Rifle destroyed. 03930_ U-05 Engineer builds a Door. 03931_ Acquired 31 matter. 03932_ Deuterium Engine destroyed. 03932_ U-05 Engineer lays Concrete. 03932_ S-10 Pest destroyed. 03934_ Acquired Beam Rifle. 03935_ Lgt. Treads destroyed. Map ----- +----------------------------------------------------+ | ????????# """ ##[[[ ]]#??#???##?#?????? | | ????????# #########??#??###??#?#??# | | ????????# """ #???#############????##?? | | ?######## """ #?????# """" T ##??????? | | + ][""" #?????# """" T#??????? | | # %! ####### """" ##????#?? | | #####/#### # """" #???#?#?? | | # ##???#??? | | + ####?#?#? | | #! #?####?#? | | ######+########### # ##?#??##? | | ???????????????### #######+#######?######? | | ??????????????#### ###### #?######?###?## | | ???????????#???### #?#?##########? | | ?????????????##### ####?#?#????##? | | ???????????#?##### #########?##### | | ?????????????# #?#########?#?? | | ?????????????# #?######?###??# | | ????????? #?# " ###?##########? | | ?????????? ### %" #???## # ==## | | ?????????###?# #######!!###### " = ## | | ????????????## ##?####=%## ### =#? | | ????????#?#### ###??##*=u!%! + " #? | | ?????????? ?? ? ?#######[u%=*%!##T# == ## | | ??????????? ?? ? ##?###l#;###[ #### = =## | | ????????? ????" #####=%@%*## #########? | | ?????????? ??" ??##==igY[## ###?###?## | | ???????????????? ?#?###"""#### T#???##?#? | | ???????????? ? ?##? #?# ####?###?? | | ???????? ??????#?# ? ##""""##?###?## | | ??????????? ?? ###? ? ? ##? ?####?#??# | | ????????????? ?? #?# ? ### < ###??#### | | ????????????"? ? ###???####?? ?######## | | ???????????"???? ?####?#?#?#?#########?##? | | ???????????? ? ? ?T#?#?#?#??##??###??##?? | | ??????????????? ? ? " ??#####?##?#???#??#? | | ????????????#?#????#???#?###??#?#??#??##?? | | ?????????????###??#??#???##?#??#??#??#???? | | ????????????????#???#?##???##?#?#?#????#?? | | ???????????????????#???#?#??####?????????? | | ??????????????????#?#????????#?#???##????? | | ?????????????????????????????????????????? | | ?????????????????????????????????????????? | | | | | | | | | | | | | | | +----------------------------------------------------+ Best States ------------- Heat Dissipation 95 Energy Generation 14 Energy Capacity 275 Matter Stores 300 Matter Capacity 300 Sight Range 16 Robot Scan Range 14 Terrain Scan Range 16 Terrain Scan Density 85 Evasion (%) 55 Targeting Accuracy 8 Recoil Reduction 3 Item Schematics ----------------- None Robot Schematics ------------------ None Fabricated ------------ Nothing Alien Tech Used ----------------- None Achievements -------------- Please Form A Line Challenges ------------ None Game ------ Seed MolecularLightBay Manual? 0 Play Time 00:57:21 Cumulative 6.7 hours Start 2024.04.08 @ 17:47:14 End 2024.04.08 @ 18:55:52 Sessions 1 Manual Loads 0 Difficulty Rogue Special Mode None Game No. 10 Rogue 10 Adventurer 0 Explorer 0 Win Type - Total 0 Types 0/0/0/0/0/0/0/0/0 Lore% 8 Gallery% 9 Achievement% 9 Wizard Run 0 Options --------- Layout 1 ASCII 0 Keyboard 1 Movement Arrows Keybinds 0 Fullscreen 2 Font 32/SmallcapsGlow Map View 77x35 Zoom Use 0% Tactical HUD 1 Map Filters NONE Filters NONE Steam 1 RUN: f9911ec0-3560-4b4e-b2ea-7d55d2d65a7a